 Seeded DCSS version 0.27-a0-1189-gb8eb6ce (webtiles) character file.

Game seed: 3130199373245952392 (custom seed)

1339 Geeful the Skirmisher (level 8, 0/51 HPs)
             Began as a Gargoyle Monk on May 22, 2021.
             Slain by a gnoll
             ... wielding a +0 flail
              (8 damage)
             ... on level 5 of the Dungeon.
             The game lasted 00:17:38 (4736 turns).

Geeful the Skirmisher (Gargoyle Monk)               Turns: 4736, Time: 00:17:38

Health: 0/51       AC: 14    Str: 16    XL:     8   Next: 61%
Magic:  13/13      EV: 10    Int: 12    God:
Gold:   217        SH:  5    Dex: 18    Spells: 13/13 levels left

rFire    . . .     SeeInvis .   h - +1 whip (venom)
rCold    . . .     Faith    .   l - +0 buckler
rNeg     + + .     Spirit   .   q - +0 scale mail
rPois    ∞         Reflect  .   (no helmet)
rElec    +         Harm     .   j - +0 cloak
rCorr    .         Rampage  .   (no gloves)
Will     .....                  (no boots)
Stlth    ++........             v - amulet of magic regeneration
HPRegen  0.17/turn              r - +6 ring of dexterity
MPRegen  0.38/turn              s - ring of positive energy

@: no status effects
A: sickness immunity, AC +5, negative energy resistance 1, electricity
resistance, torment resistance 1, petrification resistance
a: no special abilities


You were on level 5 of the Dungeon.
You visited 1 branch of the dungeon, and saw 5 of its levels.

You collected 217 gold pieces.

Inventory:

Hand Weapons
 a - a +0 short sword
 c - a +0 whip
 h - a +1 whip of venom (weapon)
Missiles
 g - 148 stones (quivered)
 y - 2 throwing nets
Armour
 b - a +0 robe
 j - a +0 cloak (worn)
 l - a +0 buckler (worn)
 m - a +0 ring mail
 q - a +0 scale mail (worn)
Jewellery
 r - a +6 ring of dexterity (left hand)
 s - a ring of positive energy (right hand)
 v - an amulet of magic regeneration (around neck)
Wands
 w - a wand of flame (16)
Scrolls
 e - a scroll of fear
 f - 2 scrolls of identify
 i - 2 scrolls of amnesia {unknown}
 o - a scroll of vulnerability {unknown}
 p - a scroll of enchant weapon {unknown}
 u - 2 scrolls of teleportation {unknown}
Potions
 d - a potion of magic {unknown}
 n - 2 potions of berserk rage {unknown}
 t - a potion of flight {unknown}
 x - 2 potions of lignification {unknown}


   Skills:
 + Level 5.8 Fighting
 - Level 2.6 Short Blades
 + Level 3.7 Maces & Flails
 + Level 4.5 Armour
 - Level 2.4 Dodging
 + Level 5.5 Stealth
 - Level 4.0 Shields
 + Level 3.4 Spellcasting


You had 13 spell levels left.
You didn't know any spells.
Your spell library contained the following spells:

 Spells                   Type           Power      Damage    Failure   Level
 Animate Skeleton         Necr           4%         N/A       61%         1
 Apportation              Tloc           4%         N/A       61%         1
 Corona                   Hex            2%         N/A       61%         1
 Summon Small Mammal      Summ           8%         N/A       61%         1


Dungeon Overview and Level Annotations

Branches:
Dungeon (5/15)
 Temple: D:4-7

Altars:
Cheibriados
Dithmenos
Yredelemnul

Shops:
D:2 =   D:3 :

Annotations:
D:4 1 runed translucent door, dontdoit's ghost, novice GrMo


Innate Abilities, Weirdness & Mutations

You are immune to sickness and miasma.
Your stone body is resilient. (AC +5)
You are immune to poison.
You resist negative energy. (rN+)
You are resistant to electric shocks. (rElec)
You are resistant to unholy torment.
You are immune to petrification.


Message History

The centaur warrior zombie kicks you.
You hit the centaur warrior zombie but do no damage.
The centaur warrior zombie is almost destroyed.
The centaur warrior zombie hits you but does no damage.
The centaur warrior zombie kicks you.
* * * LOW HITPOINT WARNING * * *
The centaur warrior zombie hits you but does no damage.
The centaur warrior zombie closely misses you.
You hit the centaur warrior zombie.
You destroy the centaur warrior zombie!
Your Spellcasting skill increases to level 3!
x - 2 metallic coppery potions (gained 1)
You see here a +0 whip.
A gnoll comes into view.
It is wielding a +0 flail and wearing the +5 kite shield of the Leaf {Str+9}.
Throw: 149 stones
Press: ? - help, Q - select action, (/) - cycle Shift-Dir - straight line, f - gnoll
Aim: a gnoll, wielding a +0 flail, wearing a +0 leather armour and wearing the +5 kite shield of the Leaf {Str+9} (wandering, hasn't noticed you, 70% to hit)
You throw a stone. The gnoll blocks the stone.
The gnoll shouts!
The gnoll blocks your attack. You block the gnoll's attack.
You hit the gnoll but do no damage.
The gnoll is poisoned.
The gnoll hits you but does no damage. The gnoll blocks your attack.
The gnoll is moderately wounded.
The gnoll hits you with a +0 flail!
* * * LOW HITPOINT WARNING * * *
The gnoll blocks your attack.
The gnoll is heavily wounded.
The gnoll blocks your attack.
The gnoll is severely wounded.
The gnoll hits you with a +0 flail!
* * * LOW HITPOINT WARNING * * *
You feel better. The gnoll hits you but does no damage.
The gnoll blocks your attack.
The gnoll is severely wounded.
The gnoll barely misses you. The gnoll blocks your attack.
The gnoll is severely wounded.
The gnoll hits you with a +0 flail!
You die...

.... .. #......#
#)##...## #(#....<#
#.##...# #.##...###
# #)#.#....
##.##.g# #..####.#
##....@## ##......#
#.....#.###..######
..........#..##
##.....###.#.#
######## ##...#
#>#.# #....... ##.#
#.#.# #.###### #.
#.#.# #.# #.
#.#####.#.####.# #.
#......>.....#.# #.


You could see a gnoll (very poisoned).

Vanquished Creatures
  A centaur zombie (D:5)
  Grinder (D:3)
  Duvessa (D:4)
  An ogre (D:4)
  An ice beast (D:5)
  A phantom (D:5)
  A scorpion (D:4)
  Dowan (D:4)
  2 orc priests
  Crazy Yiuf (D:4)
  2 hounds
  An iguana (D:4)
  2 hound skeletons
  3 gnolls (D:5)
  4 adders
  An ufetubus (D:4)
  2 worms
  5 dart slugs
  8 orcs
  8 endoplasms
  A giant cockroach (D:1)
  5 goblins
  11 hobgoblins
  10 jackals
  4 kobolds
  5 quokkas
  5 ball pythons
  5 bats
  4 frilled lizards
  4 rats
101 creatures vanquished.

Notes
Turn   | Place    | Note
-------+----------+-------------------------------------------
     0 | D:1      | Geeful the Gargoyle Monk began the quest for the Orb.
     0 | D:1      | Reached XP level 1. HP: 14/14 MP: 1/1
   151 | D:1      | Reached XP level 2. HP: 19/19 MP: 2/2
   190 | D:1      | Found a faded altar of an unknown god.
   246 | D:1      | Reached skill level 1 in Armour
   717 | D:1      | Reached XP level 3. HP: 12/24 MP: 3/3
  1469 | D:2      | Found Dial's Jewellery Boutique.
  1876 | D:3      | Reached XP level 4. HP: 22/29 MP: 4/4
  2128 | D:3      | Noticed Grinder
  2138 | D:3      | Reached XP level 5. HP: 32/33 MP: 5/5
  2190 | D:3      | Paralysed by Grinder for 5 turns
  2220 | D:3      | Paralysed by Grinder for 2 turns
  2232 | D:3      | Paralysed by Grinder for 5 turns
  2254 | D:3      | Killed Grinder
  2255 | D:3      | Reached skill level 1 in Maces & Flails
  2255 | D:3      | Reached skill level 1 in Spellcasting
  2255 | D:3      | Reached XP level 6. HP: 13/38 MP: 5/7
  2527 | D:3      | Found a shadowy altar of Dithmenos.
  2712 | D:3      | Found a basalt altar of Yredelemnul.
  2895 | D:3      | Found Gyukkozuocof's Book Shop.
  3136 | D:4      | Reached XP level 7. HP: 25/44 MP: 9/9
  3342 | D:4      | Found a runed translucent door.
  3447 | D:4      | Found a snail-covered altar of Cheibriados.
  3450 | D:4      | Noticed Duvessa
  3450 | D:4      | Noticed Dowan
  3465 | D:4      | Killed Duvessa
  3473 | D:4      | Killed Dowan
  3741 | D:4      | Reached skill level 5 in Fighting
  3981 | D:4      | Noticed dontdoit's ghost (novice GrMo)
  4197 | D:4      | Found a runed translucent door.
  4198 | D:4      | Noticed Crazy Yiuf
  4212 | D:4      | Killed Crazy Yiuf
  4310 | D:5      | Entered Level 5 of the Dungeon
  4328 | D:5      | Reached XP level 8. HP: 32/49 MP: 10/12
  4560 | D:5      | Reached skill level 5 in Stealth
  4721 | D:5      | Identified the +5 kite shield of the Leaf {Str+9}
  4736 | D:5      | Slain by a gnoll

Illustrated notes

Levels and vault maps discovered:
D:1:      wheals_arrival_shading, layout_rooms,
          chequers_ecumenical_altar_twisty, minmay_tetromino_t4
D:2:      layout_loops_ring, serial_shops, shop, minmay_liquid_box, st_stairs_4
D:3:      layout_basic, marbit_many_paths, nicolae_dithmenos_the_darkroom,
          serial_glass, glass_columns_b, glass_columns_c, serial_shops,
          nicolae_shop_waterfront, minmay_vboxes, uniq_grinder
D:4:      layout_loops_ring, cheibriados_altar_1, ebering_ghost_reflecting_pool,
          uniq_crazy_yiuf_cottage, uniq_duvessa
D:5:      layout_loops_ring, minitemple, hangedman_decor_lopped,
          minmay_manual_mares

Skill      XL: |  1  2  3  4  5  6  7  8 |
---------------+-------------------------+-----
Armour         | 1 2 3 4 |  4.5
Stealth        | 3 4 5 |  5.5
Shields        | 2 4 |  4.0
Fighting       | 4 5 |  5.8
Maces & Flails | 1 2 3 |  3.7
Spellcasting   | 1 2 3 |  3.4
Short Blades   | |  2.6
Dodging        | |  2.4

Action                   |  1- 3 |  4- 6 |  7- 9 || total
-------------------------+-------+-------+-------++-------
Melee: Short sword       |    77 |       |       ||    77
       Whip              |    50 |   150 |   195 ||   395
Throw: Dart              |       |       |     3 ||     3
       Stone             |       |       |     1 ||     1
  Use: Scroll            |     4 |       |       ||     4
       Potion            |       |     2 |     1 ||     3
 Stab: Sleeping          |     6 |     2 |     2 ||    10
Armor: Robe              |    27 |       |       ||    27
       Ring mail         |     9 |    60 |    10 ||    79
       Scale mail        |       |       |    90 ||    90
Dodge: Dodged            |    85 |    68 |    81 ||   234
Block: Buckler           |       |    10 |    43 ||    53

Table legend: (Time is in decaauts)
 A = Elapsed time spent in this place.
 B = Non-inter-level travel time spent in this place.
 C = Inter-level travel time spent in this place.
 D = Time resting spent in this place.
 E = Time spent auto-exploring this place.
 F = Levels seen in this place.
 G = Mean time per level.
                   A        B        C        D        E       F      G
               +--------+--------+--------+--------+--------+-----+--------+
         Total |   4736 |   4579 |    157 |    248 |   3300 |   5 |  947.2 |
       Dungeon |   4736 |   4579 |    157 |    248 |   3300 |   5 |  947.2 |
               +--------+--------+--------+--------+--------+-----+--------+

Top non-repeatable levels by time:
     D:3: 1225 daAuts
     D:4: 1221 daAuts
     D:1: 1119 daAuts
     D:2: 751 daAuts
     D:5: 418 daAuts
